 Dungeon Crawl Stone Soup version 0.17-a0-1373-g64d4c99 (webtiles) character file.

104 Chiseanne the Firebug (level 4, -3/30 HPs)
             Began as a Mummy Fire Elementalist on June 13, 2015.
             Slain by a phantom (7 damage)
             ... on level 3 of the Dungeon.
             The game lasted 00:07:06 (3335 turns).

Chiseanne the Firebug (Mummy Fire Elementalist)     Turns: 3335, Time: 00:07:06

Health: -3/30      AC:  5    Str: 11    XL:     4   Next: 52%
Magic:  2/8        EV: 12    Int: 15    God:
Gold:   121        SH:  0    Dex: 12    Spells: 4 memorised, 0 levels left

rFire  x . .     SeeInvis .     a - +1 whip (venom)
rCold  + . .     Clarity  .     c - +0 robe
rNeg   + + +     SustAt   .     (no shield)
rPois  ∞         Gourm    .     (no helmet)
rElec  .         Spirit   .     (no cloak)
rCorr  .         Warding  .     g - +2 pair of gloves
rMut   .         Stasis   .     (no boots)
MR     .....                    (no amulet)
Stlth  +++.......               d - ring of wizardry
                                i - ring of stealth

@: not resistant to hostile enchantments, fairly stealthy
A: no food or potions, fire vulnerability, cold resistance 1, negative energy
resistance 3, torment resistance, unbreathing
a: no special abilities


You were on level 3 of the Dungeon.
You were not hungry.

You visited 1 branch of the dungeon, and saw 3 of its levels.

You collected 121 gold pieces.

Inventory:

Hand weapons
 a - a +1 whip of venom (weapon)
Missiles
 f - 12 poisoned needles
 j - 16 arrows
Armour
 c - a +0 robe (worn)
 g - a +2 pair of gloves (worn)
Jewellery
 d - a ring of wizardry (right hand)
 i - a ring of stealth (left hand)
Scrolls
 l - a scroll of magic mapping
Books
 b - a book of Flames

   Spells                             Type                      Level
   a - Flame Tongue                   Conjuration/Fire             1
   b - Throw Flame                    Conjuration/Fire             2
   c - Conjure Flame                  Conjuration/Fire             3
   d - Inner Flame                    Hexes/Fire                   3
   e - Sticky Flame                   Conjuration/Fire             4
   f - Fireball                       Conjuration/Fire             5


   Skills:
 - Level 1.5 Dodging
 - Level 1.5 Stealth
 * Level 3.1 Spellcasting
 * Level 1.2 Conjurations
 * Level 3.6 Fire Magic


You couldn't memorise any spells.
You knew the following spells:

 Your Spells              Type           Power        Failure   Level  Hunger
a - Flame Tongue          Conj/Fire      #....        4%          1    N/A
b - Throw Flame           Conj/Fire      #.....       4%          2    N/A
c - Conjure Flame         Conj/Fire      #.......     10%         3    N/A
d - Inner Flame           Hex/Fire       #.......     12%         3    N/A

Dungeon Overview and Level Annotations

Branches:
Dungeon (3/15)

Altars:
Dithmenos
Nemelex Xobeh


Innate Abilities, Weirdness & Mutations

You do not eat or drink.
Your flesh is vulnerable to fire.
You are immune to poison.
Your flesh is cold resistant.
You are immune to negative energy.
You are immune to unholy pain and torment.
You can survive without breathing.


Message History

The phantom hits you!
* * * LOW HITPOINT WARNING * * *
Casting: Flame Tongue
Confirm with . or Enter, or press ? or * to list all spells.
Aiming: Flame Tongue
Press: ? - help, Shift-Dir - straight line, f/p - phantom
Aim: a phantom (moderately damaged)
The flame tongue hits the phantom.
The phantom is heavily damaged.
The phantom blinks!
There is a stone staircase leading up here.
Casting: Flame Tongue
Confirm with . or Enter, or press ? or * to list all spells.
Aiming: Flame Tongue
Press: ? - help, Shift-Dir - straight line, f/p - phantom
Aim: a phantom (heavily damaged)
The flame tongue hits the phantom.
The phantom is heavily damaged.
The phantom hits you!
You die...

.#.W.............
.#.####W##.####.# .#.#
#.##.# #.# .#.# #.##.#
#.# ...# #.##.# #.#
#######.o#.####.#
...........W..$.# #
####.......####W####..###
#.###.### #.@........ #.
#.# #.####..### # #.# #.#
# #.# #.# #.# #.# ... #..
.#. ### ## . . ..


You could see a phantom.

Vanquished Creatures
  3 adders
  2 worms
  4 giant geckos
  8 orcs (D:3)
  A ball python (D:3)
  3 giant cockroaches
  6 goblins (D:1)
  7 hobgoblins
  2 jackals (D:2)
  6 kobolds
  6 bats
  3 giant newts (D:2)
  3 rats
54 creatures vanquished.

Notes
Turn   | Place    | Note
--------------------------------------------------------------
     0 | D:1      | Chiseanne the Mummy Fire Elementalist began the quest for the Orb.
     0 | D:1      | Reached XP level 1. HP: 13/13 MP: 3/3
   426 | D:1      | Reached skill level 1 in Conjurations
   539 | D:1      | Reached XP level 2. HP: 19/19 MP: 1/5
   623 | D:1      | Learned a level 2 spell: Throw Flame
  1346 | D:1      | Reached skill level 3 in Fire Magic
  1791 | D:2      | Reached XP level 3. HP: 22/24 MP: 6/6
  2450 | D:3      | Learned a level 3 spell: Conjure Flame
  2512 | D:3      | Found a shadowy altar of Dithmenos.
  2513 | D:3      | Found a sparkling altar of Nemelex Xobeh.
  2531 | D:3      | Noticed a phantom
  2546 | D:3      | Reached XP level 4. HP: 20/30 MP: 4/8
  2996 | D:2      | Found a faded altar to an unknown god.
  3163 | D:2      | Learned a level 3 spell: Inner Flame
  3335 | D:3      | Slain by a phantom

Vault maps used:
D:1:      co_arrival_random_square_maze, serial_forest,
          infiniplex_forest_fountain, infiniplex_forest_lined_room_3,
          infiniplex_forest_zigzag_1, infiniplex_forest_clump_small,
          infiniplex_forest_zigzag_1, infiniplex_forest_lined_room_,
          infiniplex_forest_straight_3, infiniplex_forest_clump_small,
          st_stairs_3
D:2:      ecumenical_altar_1
D:3:      nicolae_overflow_hidden_temple

Action                   |  1- 3 |  4- 6 || total
-------------------------+-------+-------++-------
Melee: Unarmed           |    12 |       ||    12
       Whip              |    42 |    33 ||    75
 Cast: Flame Tongue      |    52 |    21 ||    73
  Use: Scroll            |       |     4 ||     4
 Stab: Sleeping          |     6 |     3 ||     9
